 Dungeon Crawl Stone Soup version 0.14-a0-1837-g7fb8695 (webtiles) character file.

881 Jenx the Poker (level 7, -1/50 HPs)
             Began as a Merfolk Skald on Jan 10, 2014.
             Was an Initiate of Ashenzari.
             Killed by divine providence
             ... invoked by an orc priest
              (16 damage)
             ... on Level 5 of the Dungeon.
             The game lasted 00:15:08 (3773 turns).

Jenx the Poker (Merfolk Skald)                      Turns: 3773, Time: 00:15:09

HP  -1/50        AC  9     Str 13      XL: 7   Next: 74%
MP  12/12        EV  9     Int 13      God: Ashenzari [......]
Gold 146         SH  0     Dex 13      Spells:  3 memorised,  4 levels left

rFire  . . .     SeeInvis .     a - +0 spear
rCold  . . .     Clarity  .     e - +2 ring mail
rNeg   . . .     Conserve .     (no shield)
rPois  .         rCorr    +     (no helmet)
rElec  .         rRot     .     n - +0 cloak
SustAb . .       Spirit   .     (no gloves)
rMut   .         Warding  .     (no boots)
Saprov . . .     Stasis   .     j - cursed amulet of resist corrosion
                                (no ring)
                                z - cursed +6,+5 ring of slaying

@: slightly resistant to hostile enchantments, extremely unstealthy
A: change form in water, swift swim
a: Renounce Religion


You were on level 5 of the Dungeon.
You worshipped Ashenzari.
Ashenzari was noncommittal.
You were not hungry.

You visited 2 branches of the dungeon, and saw 6 of its levels.

You collected 146 gold pieces.

Inventory:

Hand weapons
 a - a +0,+0 spear (weapon)
Missiles
 g - 4 curare-tipped needles
 y - 4 javelins of returning (quivered)
Armour
 e - a +2 ring mail (worn)
 n - a +0 cloak (worn)
 q - a +0 shield
 F - a +0 troll hide {Purgy}
Magical devices
 b - a wand of heal wounds (4) {unknown}
 K - a wand of teleportation (2)
Comestibles
 d - 5 bread rations
 t - 4 meat rations
 u - a chunk of adder flesh
 v - 9 strawberries
 C - an apple
 M - a pear
Scrolls
 h - a scroll of blinking {unknown}
 i - a scroll of amnesia {unknown}
 l - a scroll of noise {unknown}
 m - a scroll of enchant weapon II {unknown}
 s - 2 scrolls of random uselessness {unknown}
 w - a scroll of curse weapon
 x - 3 scrolls of teleportation
 A - 2 scrolls of remove curse
 D - a scroll of enchant weapon I {unknown}
 H - 3 scrolls of immolation {unknown}
Jewellery
 j - a cursed amulet of resist corrosion (around neck)
 z - a cursed +6,+5 ring of slaying (left hand)
Potions
 f - 4 potions of curing
 k - a potion of agility {unknown}
 o - 2 potions of heal wounds {unknown}
 p - 3 potions of confusion {unknown}
 r - 3 potions of restore abilities {unknown}
 B - a potion of might {unknown}
Books
 c - a book of Battle

   Spells                             Type                      Level
   *Infusion                          Charms                       1
   *Shroud of Golubria                Charms/Translocation         2
   Song of Slaying                    Charms                       2
   *Spectral Weapon                   Hexes/Charms                 3
   Regeneration                       Charms/Necromancy            3
Magical staves
 I - an uncursed staff of death


   Skills:
 - Level 2.1 Fighting
 - Level 7.0 Polearms
 + Level 5.3 Armour
 - Level 1.3 Dodging
 - Level 2.0 Spellcasting
 - Level 3.2 Charms


You had 4 spell levels left.
You knew the following spells:

 Your Spells              Type           Power        Failure   Level  Hunger
a - Infusion              Chrm           #.....       12%         1    ##.....
b - Shroud of Golubria    Chrm/Tloc      #.........   28%         2    ###....
c - Spectral Weapon       Hex/Chrm       #.......     54%         3    ####...


Dungeon Overview and Level Annotations

Branches:
Dungeon (5/16)             Temple (1/1) D:4

Altars:
Ashenzari
Elyvilon
Fedhas
Makhleb
Nemelex Xobeh
Okawaru
Xom
Yredelemnul
Zin
the Shining One

Annotations:
D:2 1 exclusion
D:4 Jenx's ghost, average HESk


Message History

The orc wizard closely misses you.
You hit the orc wizard.
The orc wizard is severely wounded.
The orc wizard hits you with an orcish dagger.
You hit the orc wizard but do no damage.
The orc wizard is severely wounded.
You hit the orc wizard but do no damage.
The orc wizard is severely wounded.
The orc priest invokes the aid of Beogh against you.
Something smites you!
* * * LOW HITPOINT WARNING * * *
The orc wizard hits you with an orcish dagger.
* * * LOW HITPOINT WARNING * * *
Drink which item? (? for menu, Esc to quit)
You feel better.
It was a potion of curing.
The orc wizard barely misses you.
You puncture the orc wizard!
You kill the orc wizard!
The orc priest calls down the wrath of Beogh upon you.
Something smites you!
You die...

#.# ###.# ####.####
#.... #.......# #.#.#
#.#####.# ##.#.# #
#.### #####....# #...#
#>.......# # #.#.#
#.###...##
###.#####.#.###.####.##
#....o)@..#........#.#
#.#...#####........#.#
#$..# #........#.#
#..o.. .........#.#
#..... ............#
#......# #......<.###
#.....## #..........#
###### ######.#.....#
#.#.###.#


You could see an orc priest.

Vanquished Creatures
  Edmund (D:4)
  Purgy (D:3)
  Sigmund (D:4)
  3 crimson imps (D:3)
  3 orc wizards
  Crazy Yiuf (D:3)
  An orc priest (D:4)
  A worker ant (D:4)
  A hound zombie (D:5)
  10 adders
  A worm (D:3)
  8 orcs
  A ball python (D:4)
  7 giant cockroaches
  3 hobgoblins
  3 quokkas
  11 bats
  3 giant geckos
  4 giant newts
  7 goblins
  7 kobolds
  A quokka zombie (D:4)
  11 rats
90 creatures vanquished.

Notes
Turn   | Place    | Note
--------------------------------------------------------------
     0 | D:1      | Jenx, the Merfolk Skald, began the quest for the Orb.
     0 | D:1      | Reached XP level 1. HP: 16/16 MP: 3/3
   214 | D:1      | Reached skill level 4 in Polearms
   214 | D:1      | Reached XP level 2. HP: 20/22 MP: 4/4
   224 | D:1      | Learned a level 2 spell: Shroud of Golubria
   749 | D:2      | Reached skill level 5 in Polearms
   749 | D:2      | Reached XP level 3. HP: 20/27 MP: 6/6
  1113 | D:2      | Reached skill level 6 in Polearms
  1113 | D:2      | Reached XP level 4. HP: 29/33 MP: 7/7
  1179 | D:2      | Learned a level 3 spell: Spectral Weapon
  1786 | D:3      | Reached skill level 7 in Polearms
  1931 | D:3      | Found a shimmering altar of Xom.
  1983 | D:3      | Reached skill level 1 in Armour
  1983 | D:3      | Reached XP level 5. HP: 26/38 MP: 9/9
  2004 | D:3      | Noticed Crazy Yiuf
  2023 | D:3      | Killed Crazy Yiuf
  2156 | D:3      | Noticed Purgy
  2160 | D:3      | Killed Purgy
  2160 | D:3      | Reached XP level 6. HP: 44/44 MP: 10/10
  2690 | D:4      | Reached XP level 7. HP: 36/50 MP: 12/12
  3128 | D:4      | Found a staircase to the Ecumenical Temple.
  3145 | Temple   | Entered the Ecumenical Temple
  3163 | Temple   | Became a worshipper of Ashenzari the Shackled
  3292 | D:4      | Noticed Edmund
  3312 | D:4      | Killed Edmund
  3364 | D:4      | Noticed Sigmund
  3373 | D:4      | Killed Sigmund
  3373 | D:4      | Reached skill level 5 in Armour
  3607 | D:4      | Noticed Jenx's ghost (average HESk)
  3617 | D:5      | Entered Level 5 of the Dungeon
  3773 | D:5      | Killed from afar by an orc priest

Action                   |  1- 3 |  4- 6 |  7- 9 || total
-------------------------+-------+-------+-------++-------
Melee: Spear             |   101 |   137 |    78 ||   316
Throw: Dart              |     1 |       |       ||     1
       Javelin           |    14 |    41 |     3 ||    58
 Cast: Infusion          |     1 |       |       ||     1
       Shroud of Golubri |       |       |     1 ||     1
Evoke: Wand              |       |       |     1 ||     1
  Use: Scroll            |       |     5 |     2 ||     7
       Potion            |       |       |     1 ||     1
